 Dungeon Crawl Stone Soup version 0.20.1-1-g8b1a95d (webtiles) character file.

7199 Goboxel the Firebug (level 11, -4/78 HPs)
             Began as a Human Fire Elementalist on July 15, 2017.
             Was a Believer of Vehumet.
             Hit by a javelin thrown by Urug (8 damage)
             ... on level 10 of the Dungeon.
             The game lasted 00:34:34 (12325 turns).

Goboxel the Firebug (Human Fire Elementalist)      Turns: 12325, Time: 00:34:34

Health: -4/78      AC:  9    Str: 10    XL:     11   Next: 32%
Magic:  9/21       EV: 16    Int: 18    God:    Vehumet [**....]
Gold:   598        SH:  7    Dex: 16    Spells: 13/24 levels left

rFire    + . .     SeeInvis +   G - +2 falchion (vamp)
rCold    . . .     Gourm    .   J - +2 buckler
rNeg     . . .     Faith    .   K - +1 leather armour {rF+}
rPois    .         Spirit   .   r - +0 helmet
rElec    .         Reflect  .   (no cloak)
rCorr    .         Harm     .   o - +1 pair of gloves {Dex+3}
MR       +....                  (no boots)
Stlth    ++........             (no amulet)
Regen    0.3/turn               d - ring of see invisible (curse)
MPRegen  0.2/turn               (no ring)

@: very slightly contaminated
A: iridescent scales 1, blurry vision 1, magic resistance 1
a: Renounce Religion


You were on level 10 of the Dungeon.
You worshipped Vehumet.
Vehumet was pleased with you.
You were hungry.

You visited 2 branches of the dungeon, and saw 11 of its levels.

You collected 598 gold pieces.

Inventory:

Hand Weapons
 m - a +3 dagger of venom
 x - a +0 hand axe of electrocution
 G - a +2 vampiric falchion (weapon)
Armour
 o - a +1 pair of gloves of dexterity (worn)
 r - a +0 helmet (worn)
 F - a +0 robe of positive energy
 J - a +2 buckler (worn)
 K - a +1 leather armour of fire resistance (worn)
Jewellery
 d - a cursed ring of see invisible (left hand)
Wands
 z - a wand of random effects (46/48)
 L - a wand of flame (28/48)
Scrolls
 a - a scroll of amnesia
 h - 3 scrolls of fog
 i - a scroll of blinking
 j - 6 scrolls of teleportation
 u - 3 scrolls of remove curse
 A - 2 scrolls of recharging
 C - a scroll of magic mapping
 E - a scroll of enchant weapon
 O - 2 scrolls of brand weapon {unknown}
 Q - a scroll of identify
Potions
 e - 5 potions of curing
 f - 2 potions of invisibility
 k - a potion of flight
 n - a potion of magic {unknown}
 q - 2 potions of haste
 s - 2 potions of lignification {unknown}
 t - 2 potions of might
 v - 3 potions of berserk rage
 w - 3 potions of heal wounds {unknown}
 B - a potion of agility {unknown}
 D - a potion of resistance {unknown}
 I - a potion of experience {unknown}
 M - 2 potions of ambrosia {unknown}
 N - 3 potions of degeneration {unknown}
Books
 b - a book of Flames

   Spells                             Type                      Level
   a - Flame Tongue                   Conjuration/Fire             1
   b - Throw Flame                    Conjuration/Fire             2
   c - Conjure Flame                  Conjuration/Fire             3
   d - Inner Flame                    Hexes/Fire                   3
   e - Sticky Flame                   Conjuration/Fire             4
   f - Fireball                       Conjuration/Fire             5
 H - a book of Misfortune

   Spells                             Type                      Level
   a - Confusing Touch                Hexes                        1
   b - Confuse                        Hexes                        3
   c - Gell's Gravitas                Translocation                3
   d - Petrify                        Transmutation/Earth          4
   e - Metabolic Englaciation         Hexes/Ice                    5
   f - Yara's Violent Unravelling     Hexes/Transmutation          5
Miscellaneous
 y - a box of beasts
Comestibles
 c - 6 bread rations
 g - 6 royal jellies
 l - 6 meat rations
 p - 32 fruits
 P - 4 chunks of flesh


   Skills:
 + Level 4.5 Fighting
 + Level 5.4 Long Blades
 - Level 6.9 Dodging
 - Level 2.0 Stealth
 - Level 5.0 Shields
 + Level 7.2 Spellcasting
 + Level 7.1 Conjurations
 - Level 7.6 Fire Magic
 + Level 0.8 Air Magic


You had 13 spell levels left.
You knew the following spells:

 Your Spells              Type           Power        Failure   Level  Hunger
a - Flame Tongue          Conj/Fire      ####.        1%          1    None
b - Throw Flame           Conj/Fire      ####..       1%          2    None
c - Conjure Flame         Conj/Fire      ####....     1%          3    #......
d - Sticky Flame          Conj/Fire      ####....     7%          4    ###....
e - Shock                 Conj/Air       ###.         2%          1    None


Dungeon Overview and Level Annotations

Branches:
Dungeon (10/15)            Temple (1/1) D:5            Lair (0/6) D:10
    Orc: D:9-12

Altars:
Elyvilon
Fedhas
Makhleb
Nemelex Xobeh
Qazlal
Uskayaw
Vehumet
Yredelemnul
Zin

Shops:
D:4 }   D:6 (

Annotations:
D:10 Urug


Innate Abilities, Weirdness & Mutations

You are partially covered in iridescent scales. (AC +2)
Scrolls take you a little longer to read.
You are resistant to hostile enchantments. (MR+)


Message History

You miscast Sticky Flame.
You are very lightly contaminated with residual magic.
Sparks fly from your hands!
You are feeling hungry.
You block the orc warrior's attack. You block Urug's attack.
Casting: Sticky Flame
Confirm with . or Enter, or press ? or * to list all spells.
Aiming: Sticky Flame
Press: ? - help, Shift-Dir - straight line, f/p - Urug
Aim: Urug, wielding an eveningstar of protection and wearing a ring mail (heavily wounded)
The sticky flame hits Urug.
Urug appears unharmed.
Urug is heavily wounded.
Urug is covered in liquid flames!
Urug burns!
The orc warrior hits you from afar with a trident!!
* * * LOW HITPOINT WARNING * * *
You hear a shout!
An orc wizard comes into view. It is wielding a dagger.
The orc wizard shouts!
Urug burns!
Urug throws a javelin.
The javelin hits you!
You die...

. ....... .. [......
..###########.......
....................
.................... ..
.................... o...
............########).###
............(...$.oo.....
................@........
........#########...#####
........## #...# .........###
#...# ..####.....##
###...#########
..##.........##......<.?.....
..#...........#..............
................o...#########
........>.......o...#


You could see Urug (burning), an orc warrior and an orc wizard.

Vanquished Creatures
  A two-headed ogre (D:4)
  An unseen horror (D:10)
  A troll (D:9)
  Prince Ribbit (D:9)
  A hippogriff (D:9)
  5 yaks (D:9)
  A hungry ghost (D:8)
  2 wargs (D:10)
  5 ice beasts
  2 sky beasts
  2 black bears
  A necrophage (D:8)
  An orc warrior (D:7)
  3 ogres
  6 centaurs
  2 phantoms
  2 big kobolds
  4 bullfrogs
  A gnoll sergeant (D:8)
  2 scorpions
  3 killer bees (D:10)
  An electric eel (D:9)
  A howler monkey (D:6)
  4 crimson imps
  A bullfrog zombie (D:6)
  3 iron imps (D:6)
  4 orc priests
  A centaur skeleton (D:5)
  4 hounds
  2 jellies
  3 bullfrog skeletons
  12 orc wizards
  2 iguanas
  7 worker ants
  A killer bee zombie (D:5)
  A hound skeleton (D:9)
  2 howler monkey zombies
  A worker ant zombie (D:5)
  9 gnolls
  2 howler monkey skeletons
  11 adders
  4 shadow imps
  2 oozes
  A worm (D:3)
  2 dart slugs
  A leopard gecko (D:2)
  41 orcs
  2 ball pythons (D:3)
  5 bats
  5 giant cockroaches
  6 goblins
  7 hobgoblins
  15 jackals
  14 kobolds
  4 quokkas
  2 frilled lizards (D:3)
  2 leopard gecko skeletons
  A leopard gecko zombie (D:9)
  3 quokka skeletons
  7 rats
243 creatures vanquished.

Notes
Turn   | Place    | Note
-------+----------+-------------------------------------------
     0 | D:1      | Goboxel the Human Fire Elementalist began the quest for the Orb.
     0 | D:1      | Reached XP level 1. HP: 13/13 MP: 3/3
   183 | D:1      | Reached XP level 2. HP: 19/19 MP: 3/5
   284 | D:1      | Learned a level 2 spell: Throw Flame
  1437 | D:2      | Found a sparkling altar of Nemelex Xobeh.
  1453 | D:2      | Reached XP level 3. HP: 24/24 MP: 4/6
  1535 | D:2      | Learned a level 3 spell: Conjure Flame
  2110 | D:3      | Found a white marble altar of Elyvilon.
  2352 | D:3      | Reached XP level 4. HP: 29/30 MP: 6/8
  3121 | D:3      | Reached XP level 5. HP: 22/35 MP: 5/9
  3532 | D:4      | Noticed a two-headed ogre
  3637 | D:4      | Reached XP level 6. HP: 41/41 MP: 5/11
  4788 | D:4      | Found Wadug's Gadget Emporium.
  4922 | D:4      | Reached XP level 7. HP: 46/46 MP: 8/13
  4992 | D:4      | Killed a two-headed ogre
  4992 | D:4      | Reached skill level 5 in Spellcasting
  4992 | D:4      | Reached skill level 5 in Conjurations
  4992 | D:4      | Reached XP level 8. HP: 52/52 MP: 1/16
  4998 | D:4      | Learned a level 4 spell: Sticky Flame
  5246 | D:4      | Found a stormy altar of Qazlal.
  5284 | D:5      | Entered Level 5 of the Dungeon
  5582 | D:5      | Found a basalt altar of Yredelemnul.
  5595 | D:5      | Found a staircase to the Ecumenical Temple.
  5634 | D:5      | Found a blossoming altar of Fedhas.
  6209 | D:5      | Reached XP level 9. HP: 33/57 MP: 12/18
  7266 | D:6      | Reached skill level 5 in Dodging
  7333 | D:6      | Found Pialot's Antique Weapon Emporium.
  7353 | D:6      | Found a burning altar of Makhleb.
  8693 | Temple   | Entered the Ecumenical Temple
  8712 | Temple   | Became a worshipper of Vehumet
  8825 | D:6      | Reached XP level 10. HP: 58/63 MP: 19/19
  9052 | D:8      | Found a hide-covered altar of Uskayaw.
  9694 | D:8      | Reached skill level 1 in Long Blades
  9694 | D:8      | Reached skill level 1 in Shields
  9879 | D:8      | Reached * piety under Vehumet
  9879 | D:8      | Offered knowledge of Magic Dart by Vehumet.
 10322 | D:9      | Gained mutation: You expend magic power (3 MP) to strengthen your wands. [potion of mutation]
 10322 | D:9      | Gained mutation: You are partially covered in iridescent scales. (AC +2) [potion of mutation]
 10323 | D:9      | Lost mutation: You expend magic power (3 MP) to strengthen your wands. [potion of mutation]
 10323 | D:9      | Gained mutation: Your magical capacity is low. (-10% MP) [potion of mutation]
 10323 | D:9      | Gained mutation: You are agile. (Dex +2) [potion of mutation]
 10323 | D:9      | Gained mutation: You are resistant to hostile enchantments. (MR+) [potion of mutation]
 10324 | D:9      | Lost mutation: Your magical capacity is low. (-10% MP) [potion of mutation]
 10324 | D:9      | Lost mutation: You are resistant to hostile enchantments. (MR+) [potion of mutation]
 10324 | D:9      | Lost mutation: You are agile. (Dex +2) [potion of mutation]
 10324 | D:9      | Gained mutation: Scrolls take you a little longer to read. [potion of mutation]
 10324 | D:9      | Gained mutation: You are resistant to hostile enchantments. (MR+) [potion of mutation]
 11083 | D:9      | Noticed Prince Ribbit
 11091 | D:9      | Killed Prince Ribbit
 11246 | D:9      | Reached XP level 11. HP: 66/68 MP: 18/21
 11413 | D:9      | Found a glowing silver altar of Zin.
 11413 | D:9      | Noticed an angel
 11557 | D:9      | Reached skill level 5 in Long Blades
 11564 | D:10     | Entered Level 10 of the Dungeon
 11568 | D:10     | Reached skill level 5 in Shields
 11575 | D:10     | Reached skill level 1 in Fighting
 11750 | D:10     | Reached ** piety under Vehumet
 11783 | D:10     | Offered knowledge of Shock by Vehumet.
 11798 | D:10     | Learned a level 1 spell: Shock
 11836 | D:10     | Noticed an unseen horror
 11846 | D:10     | Killed an unseen horror
 11973 | D:10     | Noticed Urug
 12205 | D:10     | Found a staircase to the Lair.
 12325 | D:10     | Hit by a javelin thrown by Urug

Skill      XL: |  1  2  3  4  5  6  7  8  9 10 11 |
---------------+----------------------------------+-----
Spellcasting   | 3 4 5 6 7 |  7.2
Conjurations   | 2 3 5 6 7 |  7.1
Fire Magic     | 4 6 7 |  7.6
Dodging        | 6 |  6.9
Long Blades    | 4 5 |  5.4
Shields        | 4 5 |  5.0
Fighting       | 4 |  4.5
Stealth        | |  2.0
Air Magic      | |  0.8

Action                   |  1- 3 |  4- 6 |  7- 9 | 10-12 || total
-------------------------+-------+-------+-------+-------++-------
Melee: Unarmed           |    17 |       |       |       ||    17
       Hand axe          |     3 |    38 |    30 |    28 ||    99
       Dagger            |     2 |     7 |   170 |    16 ||   195
       Falchion          |       |       |       |   157 ||   157
 Cast: Flame Tongue      |    37 |    83 |    82 |   114 ||   316
       Throw Flame       |     5 |    19 |    23 |    21 ||    68
       Conjure Flame     |       |     2 |     2 |       ||     4
       Sticky Flame      |       |       |    10 |    22 ||    32
       Shock             |       |       |       |    13 ||    13
  Use: Scroll            |     3 |     6 |     5 |     5 ||    19
       Potion            |     3 |       |       |     3 ||     6
 Stab: Sleeping          |       |     1 |       |     1 ||     2
  Eat: Chunk             |     5 |     9 |     8 |    16 ||    38
       Meat ration       |       |       |     1 |     1 ||     2
Armor: Robe              |    12 |    14 |     7 |       ||    33
       Leather armour    |       |       |    61 |    67 ||   128
Dodge: Dodged            |    36 |    61 |   159 |   196 ||   452
Block: Buckler           |       |       |       |    83 ||    83
       Rpst.: Falchion   |       |       |       |    44 ||    44
